 Dungeon Crawl Stone Soup version 0.28.0 (webtiles) character file.

Game seed: 397364849779326898

9190 Ajdolov the Grappler (level 11, -2/102 HPs)
             Began as a Troll Hunter on Feb 12, 2022.
             Was a Priest of Uskayaw.
             Slain by a two-headed ogre (16 damage)
             ... on level 10 of the Dungeon.
             The game lasted 00:10:39 (7083 turns).

Ajdolov the Grappler (Troll Hunter)                 Turns: 7083, Time: 00:10:39

Health: -2/102     AC: 11    Str: 32    XL:     11   Next: 19%
Magic:  17/17      EV:  9    Int:  7    God:    Uskayaw [***...]
Gold:   430        SH:  0    Dex: 10    Spells: 10/10 levels left

rFire   . . .      SeeInvis .     - Unarmed
rCold   . . .      Faith    .   (no shield)
rNeg    . . .      Spirit   .   j - +2 robe {Will+}
rPois   .          Reflect  .   (helmet restricted)
rElec   .          Harm     .   E - +0 cloak
rCorr   .          Rampage  .   (gloves unavailable)
Will    +....                   (boots unavailable)
Stlth   +.........              (no amulet)
HPRegen 1.07/turn               k - +4 ring of protection
MPRegen 0.15/turn               u - +6 ring of strength

@: no status effects
A: large, unfitting armour, claws 3, regeneration 1, shaggy fur 1, tough skin 1
a: Renounce Religion, Stomp, Line Pass


You were on level 10 of the Dungeon.
You worshipped Uskayaw.
Uskayaw was aware of your devotion.
You visited 2 branches of the dungeon, and saw 11 of its levels.

You collected 505 gold pieces.
You spent 75 gold pieces at shops.

Inventory:

Missiles
 c - 14 large rocks (quivered)
 d - 2 throwing nets
Armour
 j - a +2 robe of willpower (worn)
 E - a +0 cloak (worn)
 I - a +0 kite shield
Jewellery
 k - a +4 ring of protection (left claw)
 u - a +6 ring of strength (right claw)
 z - a ring of positive energy
 B - an amulet of faith
Wands
 o - a wand of flame (17)
 v - a wand of paralysis (13)
 C - a wand of iceblast (9)
Scrolls
 b - 7 scrolls of vulnerability {unknown}
 e - a scroll of torment {unknown}
 i - 11 scrolls of identify {unknown}
 m - 8 scrolls of teleportation {unknown}
 n - 4 scrolls of blinking {unknown}
 p - 2 scrolls of fog {unknown}
 q - 4 scrolls of noise {unknown}
 w - a scroll of immolation {unknown}
 x - a scroll of brand weapon {unknown}
 y - a scroll of amnesia {unknown}
 D - a scroll of enchant armour {unknown}
 G - 2 scrolls of holy word {unknown}
 J - a scroll of enchant weapon {unknown}
Potions
 a - a potion of flight {unknown}
 f - a potion of mutation {unknown}
 g - 6 potions of curing {unknown}
 h - 2 potions of degeneration {unknown}
 l - 4 potions of attraction {unknown}
 r - 2 potions of haste {unknown}
 s - 2 potions of magic {unknown}
 t - a potion of heal wounds
 A - 2 potions of might {unknown}
 F - a potion of resistance {unknown}
 H - 2 potions of experience {unknown}


   Skills:
 + Level 5.1 Fighting
 - Level 3.6 Throwing
 - Level 1.5 Dodging
 - Level 0.3 Stealth
 - Level 12.7 Unarmed Combat
 * Level 9.7 Invocations


You had 10 spell levels left.
You didn't know any spells.
Your spell library contained the following spells:

 Spells                   Type           Power      Damage    Failure   Level
 Corpse Rot               Necr/Air       0%         N/A       56%         2
 Poisonous Vapours        Pois/Air       0%         N/A       56%         2
 Static Discharge         Conj/Air       0%         N/A       56%         2
 Sublimation of Blood     Necr           0%         N/A       56%         2
 Dazzling Flash           Conj/Hex       0%         N/A       80%         3
 Dispel Undead            Necr           0%         3d6       99%         4
 Iskenderun's Mystic Bla  Conj/Tloc      0%         2d3       99%         4
 Petrify                  Tmut/Erth      0%         N/A       99%         4
 Sticky Flame             Conj/Fire      0%         2d3       99%         4
 Irradiate                Conj/Tmut      0%         3d13      100%        5
 Summon Forest            Summ/Tloc      0%         N/A       100%        5
 Summon Mana Viper        Hex/Summ       0%         N/A       100%        5
 Starburst                Conj/Fire      0%         6d3       100%        6
 Summon Cactus Giant      Summ           0%         N/A       100%        6


Dungeon Overview and Level Annotations

Branches:
Dungeon (10/15)            Temple (1/1) D:6            Lair (0/6) D:9
    Orc (0/2) D:10

Altars:
Fedhas
Gozag
Hepliaklqana
Kikubaaqudgha
Nemelex Xobeh
Okawaru
Qazlal
Trog
Uskayaw
Yredelemnul

Shops:
D:5 !


Innate Abilities, Weirdness & Mutations

You are too large for most types of armour.
You have claws for hands.
Your natural rate of healing is unusually fast.
You are covered in fur. (AC +1)
You have tough skin. (AC +1)


Message History

You claw the molten gargoyle!
You claw the molten gargoyle, but do no damage.
The molten gargoyle is heavily damaged.
The molten gargoyle hits you with a +0 mace.
You are engulfed in flames!
Uskayaw will force your foes to helplessly watch your dance.
Uskayaw prepares the audience for your solo!
The helpless molten gargoyle fails to defend itself.
You claw the molten gargoyle!
The molten gargoyle is almost destroyed.
The helpless molten gargoyle fails to defend itself.
You eviscerate the molten gargoyle!!!
You destroy the molten gargoyle!
A two-headed ogre comes into view.
It is wielding two +0 giant spiked clubs.
You see here a +0 mace.
You see here a +0 morningstar.
You closely miss the two-headed ogre. You scratch the two-headed ogre.
The two-headed ogre is lightly wounded.
The two-headed ogre hits you with a +0 giant spiked club!
The two-headed ogre barely misses you.
You scratch the two-headed ogre but do no damage.
The two-headed ogre is lightly wounded.
The two-headed ogre hits you with a +0 giant spiked club!
The two-headed ogre barely misses you.
You closely miss the two-headed ogre.
The two-headed ogre is lightly wounded.
You barely miss the two-headed ogre.
The two-headed ogre is lightly wounded.
The two-headed ogre hits you with a +0 giant spiked club!!
The two-headed ogre hits you with a +0 giant spiked club!
* * * LOW HITPOINT WARNING * * *
You mangle the two-headed ogre!!
The two-headed ogre is heavily wounded.
You claw the two-headed ogre!
The two-headed ogre is severely wounded.
The two-headed ogre hits you with a +0 giant spiked club!
* * * LOW HITPOINT WARNING * * *
The two-headed ogre hits you with a +0 giant spiked club!
You die...

#.# . #.# #
#.# #.# #.#
## #.# .. #.#
#.#####.#
#..@O.))#
#.#####)### #
#.#.# #.#.#
§..≈..§..#
#.≈≈≈§≈≈..#
#.≈≈≈§≈≈≈.#.#
.#.≈§88§≈≈.##
#.≈≈≈88§≈.#.


You could see a two-headed ogre.

Vanquished Creatures
  Erica (D:9)
  A two-headed ogre (D:8)
  3 molten gargoyles (D:10)
  A tarantella (shapeshifter) (D:8)
  2 shadows (D:10)
  3 wyverns (D:9)
  14 yaks
  2 vampire mosquitoes (D:10)
  Menkaure (D:7)
  Duvessa (D:7)
  6 water moccasins
  2 sky beasts
  2 orc warriors
  2 ice beasts (D:5)
  3 black bears (D:9)
  2 wolves (D:9)
  A necrophage (D:7)
  2 phantoms
  A kobold brigand (D:9)
  2 gnoll sergeants
  4 bullfrogs
  A scorpion (D:9)
  A water moccasin skeleton (D:5)
  Dowan (D:7)
  3 wights (D:9)
  4 howler monkeys
  4 centaur zombies
  4 hounds
  3 jellies
  2 orc priests (D:9)
  Jessica (D:2)
  2 iguanas
  7 orc wizards
  2 killer bee zombies
  2 howler monkey zombies
  Robin (D:2)
  9 gnolls
  A howler monkey skeleton (D:5)
  4 adders
  A shadow imp (D:7)
  3 white imps
  2 ufetubi (D:5)
  2 worms
  An adder skeleton (D:4)
  2 dart slugs (D:4)
  21 orcs
  7 endoplasms
  2 giant cockroaches
  18 goblins
  8 hobgoblins
  5 jackals
  6 kobolds
  4 quokkas
  11 ball pythons
  5 bats
  2 frilled lizards
  8 rats
216 creatures vanquished.

Vanquished Creatures (others)
  9 plants (D:9)
9 creatures vanquished.

Grand Total: 225 creatures vanquished

Notes
Turn   | Place    | Note
-------+----------+-------------------------------------------
     0 | D:1      | Ajdolov the Troll Hunter began the quest for the Orb.
     0 | D:1      | Reached XP level 1. HP: 19/19 MP: 0/0
    90 | D:1      | Reached skill level 1 in Unarmed Combat
   141 | D:1      | Reached XP level 2. HP: 27/27 MP: 1/1
   189 | D:1      | Reached skill level 2 in Unarmed Combat
   403 | D:1      | Found a faded altar of an unknown god.
   626 | D:2      | Reached XP level 3. HP: 28/33 MP: 2/2
   783 | D:2      | Reached skill level 3 in Unarmed Combat
   873 | D:2      | Noticed Robin
   932 | D:2      | Killed Robin
   933 | D:2      | Reached XP level 4. HP: 25/41 MP: 3/3
   951 | D:2      | Noticed Jessica
   964 | D:2      | Killed Jessica
   965 | D:2      | Reached skill level 4 in Unarmed Combat
  1806 | D:3      | Reached XP level 5. HP: 48/48 MP: 4/4
  1864 | D:3      | Reached skill level 5 in Unarmed Combat
  2237 | D:4      | Reached XP level 6. HP: 40/55 MP: 5/5
  2272 | D:4      | Reached skill level 6 in Unarmed Combat
  3184 | D:5      | Entered Level 5 of the Dungeon
  3270 | D:5      | Noticed an ice beast
  3275 | D:5      | Killed an ice beast
  3276 | D:5      | Reached skill level 7 in Unarmed Combat
  3298 | D:5      | Reached XP level 7. HP: 61/62 MP: 6/6
  3343 | D:5      | Found Lolesov's Distillery.
  3384 | D:5      | Bought a potion of heal wounds for 75 gold pieces
  3535 | D:5      | Reached skill level 8 in Unarmed Combat
  3881 | D:6      | Found a staircase to the Ecumenical Temple.
  3893 | Temple   | Entered the Ecumenical Temple
  3912 | Temple   | Became a worshipper of Uskayaw the Reveller
  3928 | D:6      | Reached * piety under Uskayaw
  3929 | D:6      | Reached skill level 9 in Unarmed Combat
  3933 | D:6      | Reached ** piety under Uskayaw
  3936 | D:6      | Reached skill level 1 in Invocations
  3936 | D:6      | Reached XP level 8. HP: 65/70 MP: 7/7
  4230 | D:6      | Reached *** piety under Uskayaw
  4232 | D:6      | Reached skill level 10 in Unarmed Combat
  4235 | D:6      | Reached **** piety under Uskayaw
  4401 | D:7      | Reached XP level 9. HP: 76/76 MP: 10/10
  4415 | D:7      | Noticed Menkaure
  4419 | D:7      | Killed Menkaure
  4420 | D:7      | Reached skill level 11 in Unarmed Combat
  4584 | D:7      | Noticed Duvessa
  4586 | D:7      | Noticed Dowan
  4592 | D:7      | Killed Duvessa
  4604 | D:7      | Killed Dowan
  5004 | D:8      | Reached skill level 5 in Invocations
  5033 | D:8      | Reached skill level 12 in Unarmed Combat
  5090 | D:8      | Noticed a two-headed ogre
  5095 | D:8      | Killed a two-headed ogre
  5154 | D:8      | Reached XP level 10. HP: 85/85 MP: 13/13
  5341 | D:8      | Found an opulent altar of Gozag.
  5793 | D:9      | Found a blossoming altar of Fedhas.
  5879 | D:9      | Found a staircase to the Lair.
  5881 | D:9      | Noticed Erica
  5901 | D:9      | Reached ***** piety under Uskayaw
  5906 | D:9      | Killed Erica
  5906 | D:9      | Reached ****** piety under Uskayaw
  6367 | D:9      | Found an iron altar of Okawaru.
  6369 | D:9      | Found a sparkling altar of Nemelex Xobeh.
  6507 | D:10     | Entered Level 10 of the Dungeon
  6512 | D:10     | Found a bloodstained altar of Trog.
  6596 | D:10     | Reached XP level 11. HP: 101/101 MP: 16/16
  6681 | D:10     | Found a staircase to the Orcish Mines.
  7068 | D:10     | Reached skill level 5 in Fighting
  7071 | D:10     | Noticed a two-headed ogre
  7083 | D:10     | Slain by a two-headed ogre

Illustrated notes

Levels and vault maps discovered:
D:1:      dpeg_arrival_brainrot, layout_rooms, shapermc_ecumenical_altar_petra,
          nicolae_grassy_gnolls
D:2:      layout_loops_ring, serial_co_window_serial, co_window_corner_a,
          co_window_paths_a, co_window_cross_1, co_window_paths_b,
          co_window_paths_b, co_window_corner_cb, co_window_paths_c,
          co_window_broadway_b, co_window_sun, co_window_4corner_a,
          glass_columns_b, glass_columns_a, glass_columns_b, uniq_jessica,
          uniq_robin
D:3:      layout_basic, minmay_ruptured
D:4:      layout_basic
D:5:      layout_cave_pools, serial_shops, nicolae_shop_hallway_stairs,
          chequers_serial_rivers_micro_d
D:6:      layout_rooms, minmay_temple_entry_antechambers
D:7:      layout_rooms, uniq_menkaure, uniq_duvessa
D:8:      layout_basic, lemuel_coloured_pillars_altar
D:9:      layout_roguey, nicolae_overflow_hidden_temple,
          minmay_lair_entry_grove, nrook_campfire, uniq_erica
D:10:     layout_loops_ring, mainiacjoe_overflow_paths, kennysheep_little_box,
          orc_0_dummy, minivault_8
Temple:   eino_temple_scatter_basement

Skill      XL: |  1  2  3  4  5  6  7  8  9 10 11 |
---------------+----------------------------------+-----
Unarmed Combat | 1 2 3 4 5 7 9 10 12 | 12.7
Invocations    | 1 3 5 9 |  9.7
Fighting       | 4 5 |  5.1
Throwing       | |  3.6
Dodging        | |  1.5
Stealth        | |  0.3

Action                   |  1- 3 |  4- 6 |  7- 9 | 10-12 || total
-------------------------+-------+-------+-------+-------++-------
Melee: Unarmed           |    81 |   159 |   168 |   177 ||   585
       Punch             |       |     5 |    10 |     7 ||    22
Throw: Large rock        |       |     4 |     2 |       ||     6
 Stab: Sleeping          |       |     1 |       |       ||     1
       Paralysed         |       |       |     5 |    11 ||    16
Armor: Robe              |    37 |    54 |    82 |    67 ||   240
Dodge: Dodged            |    37 |    54 |    50 |    57 ||   198
